 Dungeon Crawl Stone Soup version 0.31-a0-202-g547052bce9 (webtiles) character file.

Game seed: 9916882288993392864

421 innerfire43 the Trooper (level 6, -3/49 HPs)
             Began as a Demonspawn Monk on June 26, 2023.
             Was a Believer of Cheibriados.
             Splashed by a jelly's acid (9 damage)
             ... on level 5 of the Dungeon.
             The game lasted 00:07:02 (5071 turns).

innerfire43 the Trooper (Demonspawn Monk)           Turns: 5071, Time: 00:07:05

Health: -3/49      AC: -5    Str: 17    XL:     6   Next: 62%
Magic:  6/6        EV: 14    Int: 16    God:    Cheibriados [**....]
Gold:   250        SH:  5    Dex: 19    Spells: 5/5 levels left

rFire   . . .        a - +0 hand axe
rCold   . . .        d - orb {light}
rNeg    . . .        b - +0 robe
rPois   .            (no helmet)
rElec   .            m - +1 cloak {Will+}
rCorr   .            (no gloves)
SInv    +            (no boots)
Will    +....        j - amulet of reflection
Stlth   +            k - ring of see invisible
HPRegen 0.28/turn    (no ring)
MPRegen 0.10/turn

%: reflection
@: corroded, glowing, very slow
A: slimy green scales 2
a: Renounce Religion, Bend Time


You were on level 5 of the Dungeon.
You worshipped Cheibriados.
Cheibriados was pleased with you.
You visited 2 branches of the dungeon, and saw 6 of its levels.

You collected 250 gold pieces.

Inventory:

Hand Weapons
 a - a +0 hand axe (weapon)
 c - a +3 quarterstaff of chaos
 q - a +3 short sword
Armour
 b - a +0 robe (worn)
 d - an orb of light (worn)
 e - a +0 cloak
 m - a +1 cloak of willpower (worn)
 w - a +0 buckler
Jewellery
 j - an amulet of reflection (around neck)
 k - a ring of see invisible (left hand)
Scrolls
 f - a scroll of vulnerability
 l - a scroll of enchant armour
 p - a scroll of teleportation {unknown}
 r - 2 scrolls of immolation {unknown}
 u - a scroll of amnesia {unknown}
 v - a scroll of fear {unknown}
 x - a scroll of noise {unknown}
Potions
 g - a potion of berserk rage {unknown}
 h - a potion of enlightenment {unknown}
 i - 3 potions of curing {unknown}
 n - a potion of heal wounds {unknown}
 o - a potion of invisibility {unknown}
 s - a potion of cancellation {unknown}
 t - a potion of haste


   Skills:
 + Level 4.7 Fighting
 * Level 3.9 Axes
 - Level 2.6 Staves
 + Level 4.3 Dodging


You had 5 spell levels left.
You didn't know any spells.
Your spell library contained the following spells:

 Spells                   Type           Power      Damage    Failure   Level
 Summon Forest            Summ/Tloc      0%         N/A       100%        5
 Eringya's Noxious Bog    Tmut/Pois      0%         N/A       100%        6
 Summon Hydra             Summ           0%         N/A       100%        7


Dungeon Overview and Level Annotations

Branches:
Dungeon (5/15)             Temple (1/1) D:5

Altars:
Ashenzari
Cheibriados
Dithmenos
Fedhas
Gozag
Hepliaklqana
Kikubaaqudgha
Makhleb
Nemelex Xobeh
Okawaru
Qazlal
Sif Muna
Trog
Uskayaw
Vehumet
Wu Jian
Yredelemnul

Shops:
D:1 [   D:5 [


Innate Abilities, Weirdness & Mutations

You are mostly covered in slimy green scales. (AC +3)


Message History

The hound bites you.
You hit the jelly.
Your hands burn!
The jelly is heavily wounded.
You hit the hound but do no damage. The jelly barely misses you.
The hound misses you.
You hit the jelly.
Your hands burn!
The jelly is severely wounded.
You hit the hound. The hound bites you. The jelly closely misses you.
The hound bites you but does no damage.
You hit the jelly.
Your hands burn!
The jelly is almost dead.
You hit the hound but do no damage. The hound bites you.
The jelly hits you but does no damage. The hound closely misses you.
You completely miss the jelly.
The jelly is almost dead.
You barely miss the hound. The jelly completely misses you.
The hound barely misses you. The jelly misses you.
You hit the jelly but do no damage. The acid corrodes you!
Your hands burn!
The jelly is almost dead.
You hit the hound but do no damage. The hound completely misses you.
The hound bites you. You block the jelly's attack.
You are too injured to fight recklessly!
You hit the jelly.
Your hands burn!
The jelly is almost dead.
You hit the hound but do no damage. The hound bites you.
* * * LOW HITPOINT WARNING * * *
The jelly misses you. The hound closely misses you.
You hit the jelly but do no damage. The acid corrodes you!
Your hands burn!
* * * LOW HITPOINT WARNING * * *
The jelly is almost dead.
You closely miss the hound. The hound closely misses you.
You block the jelly's attack.
You hit the jelly but do no damage.
Your hands burn!
* * * LOW HITPOINT WARNING * * *
The jelly is almost dead.
You hit the hound but do no damage. You block the hound's attack.
The jelly hits you.
* * * LOW HITPOINT WARNING * * *
You are splashed with acid!
You die...

#####.#+#.#####.......#
##...#.....#####.(.....#
.#.#.#.................#
.#.#...................#
.#.#.#...........#######
.....#...........#
#................#
..>#.....#.......#
####....[#......@#
#.....#.....h.J...#
#.....#...........#
#.....##..<.......#
#.....##....$.....#
#.....##..........#
#.....##..........#
#.....#############
#######


You could see a hound and a jelly.

Vanquished Creatures
  A jelly (D:5)
  An orc priest (D:4)
  A sleepcap (D:4)
  Crazy Yiuf (D:2)
  3 iguanas
  An orc wizard (D:4)
  7 adders
  2 ufetubi
  3 worms
  3 dart slugs
  10 orcs
  10 ball pythons
  7 bats
  8 endoplasms
  8 goblins
  8 hobgoblins
  7 jackals
  13 kobolds
  6 quokkas
  9 frilled lizards
  3 rats
112 creatures vanquished.

Notes
Turn   | Place    | Note
-------+----------+-------------------------------------------
     0 | D:1      | innerfire43 the Demonspawn Monk began the quest for the
                  | Orb.
     0 | D:1      | Reached XP level 1. HP: 18/18 MP: 1/1
   152 | D:1      | Gained mutation: You are partially covered in slimy green
                  | scales. (AC +2) [demonic ancestry]
   152 | D:1      | Reached XP level 2. HP: 23/24 MP: 2/2
   314 | D:1      | Found Rinikum's Armour Emporium.
   791 | D:1      | Reached XP level 3. HP: 29/29 MP: 3/3
  1347 | D:2      | Reached XP level 4. HP: 37/37 MP: 4/4
  1425 | D:2      | Found a runed translucent door.
  1426 | D:2      | Noticed Crazy Yiuf
  1566 | D:2      | Killed Crazy Yiuf
  2308 | D:3      | Gained mutation: You are mostly covered in slimy green
                  | scales. (AC +3) [demonic ancestry]
  2308 | D:3      | Reached XP level 5. HP: 42/42 MP: 5/5
  2522 | D:3      | Found a shadowy altar of Dithmenos.
  2801 | D:3      | Reached skill level 1 in Staves
  3608 | D:4      | Reached XP level 6. HP: 38/49 MP: 6/6
  4495 | D:5      | Entered Level 5 of the Dungeon
  4559 | D:5      | Found Vuahypn's Antique Armour Shop.
  4570 | D:5      | Found a staircase to the Ecumenical Temple.
  4582 | Temple   | Entered the Ecumenical Temple
  4678 | Temple   | Became a worshipper of Cheibriados the Contemplative
  4678 | Temple   | Reached * piety under Cheibriados
  4678 | Temple   | Reached ** piety under Cheibriados
  5071 | D:5      | Splashed by a jelly's acid

Illustrated notes

Levels and vault maps discovered:
D:1:      scummos_arrival_gate, layout_basic, serial_shops,
          nicolae_shop_scrapyard, serial_forest, infiniplex_forest_zigzag_2,
          infiniplex_forest_straight_3, infiniplex_forest_corner_2,
          infiniplex_forest_clump_small, infiniplex_forest_lined_room_2,
          infiniplex_forest_straight_3, infiniplex_forest_lined_2
D:2:      layout_loops_ring, uniq_crazy_yiuf_cottage
D:3:      layout_loops_corners, nicolae_overflow_hidden_temple,
          chequers_serial_rivers_room_b
D:4:      layout_layer_cave
D:5:      layout_basic, minmay_temple_entry_grid, nicolae_take_the_stairs,
          uniq_edmund
Temple:   hellmonk_temple_of_storms

Skill      XL: |  1  2  3  4  5 |
---------------+----------------+-----
Dodging        | 3 4 |  4.3
Axes           | 3 |  3.9
Fighting       | 4 |  4.7
Staves         | 2 |  2.6

Action                     |  1- 3 |  4- 6 || total
---------------------------+-------+-------++-------
  Melee: Hand axe          |   108 |   335 ||   443
    Use: Scroll            |       |     3 ||     3
         Potion            |       |     1 ||     1
 Armour: Robe              |    23 |    88 ||   111
  Dodge: Dodged            |    70 |   218 ||   288
  Block: Orb               |     5 |    97 ||   102
         Reflection        |       |     1 ||     1

Table legend: (Time is in decaauts)
 A = Elapsed time spent in this place.
 B = Non-inter-level travel time spent in this place.
 C = Inter-level travel time spent in this place.
 D = Time resting spent in this place.
 E = Time spent auto-exploring this place.
 F = Levels seen in this place.
 G = Mean time per level.
                   A        B        C        D        E       F      G
               +--------+--------+--------+--------+--------+-----+--------+
         Total |   5215 |   5072 |    143 |      0 |   4044 |   6 |  869.2 |
       Dungeon |   5093 |   4950 |    143 |      0 |   4044 |   5 | 1018.6 |
        Temple |    122 |    122 |      0 |      0 |      0 |   1 |  122.0 |
               +--------+--------+--------+--------+--------+-----+--------+

Top non-repeatable levels by time:
     D:4: 1379 daAuts
     D:3: 1157 daAuts
     D:1: 1078 daAuts
     D:2: 935 daAuts
     D:5: 543 daAuts
  Temple: 122 daAuts
